 Dungeon Crawl Stone Soup version 0.24.1 (webtiles) character file.

Game seed: 17229651131299647516, levelgen mode: deterministic

210 funkygono the Digger (level 5, -3/28 HPs)
             Began as a Gargoyle Earth Elementalist on Mar 22, 2020.
             Slain by a wyvern (11 damage)
             ... on level 4 of the Dungeon.
             The game lasted 00:12:11 (3208 turns).

funkygono the Digger (Gargoyle Earth Elementalist)  Turns: 3208, Time: 00:12:12

Health: -3/28      AC:  7    Str: 10 (12) XL:     5   Next: 87%
Magic:  7/10       EV: 12    Int: 13 (16) God:
Gold:   160        SH:  0    Dex:  8 (10) Spells: 1/10 levels left

rFire    . . .     SeeInvis .   e - +0 club
rCold    . . .     Gourm    .   (no shield)
rNeg     + . .     Faith    .   c - +0 robe
rPois    ∞         Spirit   .   (no helmet)
rElec    +         Reflect  .   (no cloak)
rCorr    .         Harm     .   f - +0 pair of gloves
MR       .....                  (no boots)
Stlth    ++........             (no amulet)
HPRegen  0.09/turn              (no ring)
MPRegen  0.12/turn              (no ring)

@: no status effects
A: negative energy resistance 1, electricity resistance, unbreathing,
petrification resistance, rot immunity, AC +4
a: no special abilities


You were on level 4 of the Dungeon.
You were not hungry.

You visited 1 branch of the dungeon, and saw 4 of its levels.

You collected 160 gold pieces.

Inventory:

Hand Weapons
 e - a +0 club (weapon)
 n - a +3 hunting sling of velocity
Missiles
 b - 89 stones (quivered)
 j - 20 bolts
Armour
 c - a +0 robe (worn)
 f - a +0 pair of gloves (worn)
Scrolls
 h - a scroll of teleportation {unknown}
 r - 2 scrolls of remove curse
Potions
 g - 2 potions of mutation {unknown}
 i - a potion of haste {unknown}
 k - a potion of curing {unknown}
 l - 2 potions of might {unknown}
 m - 3 potions of magic {unknown}
 o - 2 potions of degeneration
 p - a potion of heal wounds {unknown}
 q - a potion of flight {unknown}
Comestibles
 d - 7 rations


   Skills:
 + Level 1.9 Dodging
 + Level 2.5 Stealth
 + Level 3.3 Spellcasting
 * Level 2.2 Conjurations
   Level 0.7 Transmutations
 + Level 5.7 Earth Magic


You had one spell level left.
You knew the following spells:

 Your Spells              Type           Power        Failure   Level  Hunger
a - Sandblast             Erth           ###...       2%          1    #......
b - Stone Arrow           Conj/Erth      ##....       13%         3    ###....
c - Lee's Rapid Deconstr  Erth           ###.......   52%         5    ######.

Your spell library contained the following spells:

 Spells                   Type           Power        Failure   Level  Hunger
 Confusing Touch          Hex            #.....       22%         1    #......
 Passwall                 Tmut/Erth      ##......     9%          2    ##.....
 Petrify                  Tmut/Erth      ##......     52%         4    #####..
 Confuse                  Hex            #.......     54%         3    ###....
 Gell's Gravitas          Tloc           #.........   54%         3    ###....
 Metabolic Englaciation   Hex/Ice        #.........   99%         5    ######.
 Yara's Violent Unravell  Hex/Tmut       #.........   99%         5    ######.


Dungeon Overview and Level Annotations

Branches:
Dungeon (4/15)
 Temple: D:4-7

Altars:
Okawaru
Xom
Zin

Annotations:
D:3 FrozenTrovador's ghost, amateur DrFE


Innate Abilities, Weirdness & Mutations

You are resistant to torment.
Your stone body is resilient. (AC +4)
You are immune to poison.
You resist negative energy. (rN+)
You are resistant to electric shocks. (rElec)
You can survive without breathing.
You are immune to petrification.
You are immune to rotting.


Message History

The wyvern is lightly wounded.
b - 90 stones The wyvern bites you!
The wyvern misses you.
Casting: Sandblast (safe; 2% risk of failure)
Confirm with . or Enter, or press ? or * to list all spells.
Aiming: Sandblast (safe; 2% risk of failure)
Press: ? - help, Shift-Dir - straight line, f/p - wyvern
Aim: a wyvern (lightly wounded)
The blast of sand hits the wyvern but does no damage.
The wyvern is lightly wounded.
b - 89 stones The wyvern barely misses you.
You hit the wyvern.
The wyvern is lightly wounded.
The wyvern closely misses you. The wyvern bites you!
* * * LOW HITPOINT WARNING * * *
You barely miss the wyvern.
The wyvern is lightly wounded.
The wyvern bites you!
You die...

##........#####....#
##....÷### ##...#
##..÷## ##..# #..##
#..# ##..# .....
#..## ........ #...#
...###.....
###.######### ##...
#..#.#@#$## #..
#.###.#lz.# #.
#..#.####z# #.###.#
.# #..#.## z# #.#.##
z# #.### .# #.. z#
##. ##


You could see a wyvern and 2 wights.

Vanquished Creatures
  A wight (D:4)
  7 adders
  2 oozes
  3 worms
  2 dart slugs
  2 leopard geckos
  A ball python (D:2)
  6 giant cockroaches
  7 goblins
  7 hobgoblins
  12 jackals
  A quokka (D:2)
  8 bats
  5 frilled lizards
  14 kobolds
  4 rats
82 creatures vanquished.

Notes
Turn   | Place    | Note
-------+----------+-------------------------------------------
     0 | D:1      | funkygono the Gargoyle Earth Elementalist began the quest
                  | for the Orb.
     0 | D:1      | Reached XP level 1. HP: 10/10 MP: 3/3
    97 | D:1      | Reached skill level 4 in Earth Magic
   133 | D:1      | Reached XP level 2. HP: 15/15 MP: 1/5
   455 | D:1      | Reached XP level 3. HP: 19/19 MP: 4/6
   836 | D:1      | Learned a level 3 spell: Stone Arrow
   984 | D:2      | Found an iron altar of Okawaru.
  1012 | D:2      | Reached XP level 4. HP: 20/24 MP: 4/8
  1307 | D:2      | Reached skill level 5 in Earth Magic
  1729 | D:3      | Reached skill level 1 in Conjurations
  1753 | D:3      | Found a large runed translucent door.
  1753 | D:3      | Found a large runed translucent door.
  1757 | D:3      | Noticed an angel
  1759 | D:3      | Found a shimmering altar of Xom.
  1763 | D:3      | Reached XP level 5. HP: 28/28 MP: 3/9
  1764 | D:3      | Found a glowing silver altar of Zin.
  1865 | D:3      | Noticed FrozenTrovador's ghost (amateur DrFE)
  2761 | D:3      | Learned a level 5 spell: Lee's Rapid Deconstruction
  3033 | D:4      | Noticed a wyvern
  3208 | D:4      | Slain by a wyvern

Levels and vault maps discovered:
D:1:      sevenhm_arrival_forest_fort_small_3, layout_basic
D:2:      cheibrodos_helix_gallery, layout_basic, okawaru_trees_1
D:3:      layout_basic, grunt_temple_overflow_order_and_chaos_1,
          ebering_ghost_disaster_area
D:4:      layout_layer_cave, nicolae_qazlal_style_of_elements, first_ration,
          minmay_small_thing, uniq_sigmund, uniq_robin, uniq_duvessa

Skill      XL: |  1  2  3  4  5 |
---------------+----------------+-----
Earth Magic    | 4 5 |  5.7
Conjurations   | 1 2 |  2.2
Spellcasting   | 3 |  3.3
Dodging        | |  1.9
Stealth        | |  2.5
Transmutations | |  0.7

Action                   |  1- 3 |  4- 6 || total
-------------------------+-------+-------++-------
Melee: Club              |    19 |    30 ||    49
 Cast: Sandblast         |    42 |    86 ||   128
       Stone Arrow       |       |     6 ||     6
  Use: Scroll            |     3 |     5 ||     8
       Potion            |       |     1 ||     1
  Eat: Chunk             |     1 |     5 ||     6
       Ration            |       |     1 ||     1
Armor: Robe              |    13 |    19 ||    32
Dodge: Dodged            |    27 |    56 ||    83
